 Dungeon Crawl Stone Soup version 0.23-a0-29-g1be82e5 (webtiles) character file.

63 Amnesiac the Conjurer (level 3, -5/24 HPs)
             Began as a Mummy Conjurer on Aug 3, 2018.
             Slain by an orc
             ... wielding a +1 flail of protection
              (9 damage)
             ... on level 5 of the Dungeon.
             The game lasted 00:02:13 (1074 turns).

Amnesiac the Conjurer (Mummy Conjurer)              Turns: 1074, Time: 00:02:14

Health: -5/24      AC:  3    Str: 11    XL:     3   Next: 89%
Magic:  0/8        EV:  6    Int: 15    God:
Gold:   28         SH:  0    Dex: 12    Spells: 6/9 levels left

rFire    x . .     SeeInvis .   g - +2 flail (crush)
rCold    + . .     Gourm    .   (no shield)
rNeg     + + +     Faith    .   a - +0 robe
rPois    ∞         Spirit   .   (no helmet)
rElec    .         Reflect  .   (no cloak)
rCorr    .         Harm     .   f - +0 pair of gloves
MR       .....                  (no boots)
Stlth    ++........             (no amulet)
HPRegen  0.08/turn              (no ring)
MPRegen  0.11/turn              (no ring)

@: held
A: no food or potions, fire vulnerability, cold resistance 1, negative energy
resistance 3, torment resistance, unbreathing
a: no special abilities


You were on level 5 of the Dungeon.
You were not hungry.

You visited 1 branch of the dungeon, and saw 5 of its levels.

You collected 28 gold pieces.

Inventory:

Hand Weapons
 e - a +0 dagger
 g - a +2 flail of crushing (weapon)
Armour
 a - a +0 robe (worn)
 f - a +0 pair of gloves (worn)
Jewellery
 c - an uncursed amulet of guardian spirit
Scrolls
 b - 2 scrolls of identify {!r, unknown}
 d - a scroll of blinking {!r, unknown}


   Skills:
 - Level 1.5 Dodging
 - Level 1.5 Stealth
 + Level 3.9 Spellcasting
 - Level 4.1 Conjurations


You had 6 spell levels left.
You knew the following spells:

 Your Spells              Type           Power        Failure   Level  Hunger
a - Magic Dart            Conj           ###.         3%          1    N/A
d - Searing Ray           Conj           ###...       4%          2    N/A

Your spell library contained the following spells:

 Spells                   Type           Power        Failure   Level  Hunger
 Iskenderun's Mystic Bla  Conj           ###.....     32%         4    N/A
 Fulminant Prism          Conj/Hex       #.........   61%         4    N/A
 Dazzling Spray           Conj/Hex       #.....       24%         3    N/A
 Force Lance              Conj/Tloc      #.......     61%         4    N/A

Dungeon Overview and Level Annotations

Branches:
Dungeon (5/15)
 Temple: D:4-7

Altars:
Elyvilon
Ru
Yredelemnul
The Shining One

Annotations:
D:4 Grinder
D:5 Edmund


Innate Abilities, Weirdness & Mutations

You do not eat or drink.
Your flesh is vulnerable to fire.
You are immune to poison.
Your flesh is cold resistant. (rC+)
You are immune to negative energy. (rN+++)
You are immune to unholy pain and torment.
You can survive without breathing.


Message History

The magic dart hits the orc.
Edmund the Younger comes into view.
He is wielding a flail of crushing.
Casting: Magic Dart (safe; 3% risk of failure)
Confirm with . or Enter, or press ? or * to list all spells.
You can't see any susceptible monsters within range! (Use Z to cast anyway.)
You hear the slow rusting of a distant drain.
Casting: Magic Dart (safe; 3% risk of failure)
Confirm with . or Enter, or press ? or * to list all spells.
Aiming: Magic Dart (safe; 3% risk of failure)
Press: ? - help, Shift-Dir - straight line, f/p - orc
Aim: an orc, wielding a flail of protection The magic dart hits the orc.
Casting: Magic Dart (safe; 3% risk of failure)
Confirm with . or Enter, or press ? or * to list all spells.
Aiming: Magic Dart (safe; 3% risk of failure)
Press: ? - help, Shift-Dir - straight line, f/p - orc
Aim: an orc, wielding a flail of protection The magic dart hits the orc.
Casting: Magic Dart (safe; 3% risk of failure)
Confirm with . or Enter, or press ? or * to list all spells.
Aiming: Magic Dart (safe; 3% risk of failure)
Press: ? - help, Shift-Dir - straight line, f/p - orc
Aim: an orc, wielding a flail of protection The magic dart hits the orc.
The orc is lightly wounded.
The orc hits you with a flail of protection.
* * * LOW HITPOINT WARNING * * *
Casting: Magic Dart (safe; 3% risk of failure)
Confirm with . or Enter, or press ? or * to list all spells.
Aiming: Magic Dart (safe; 3% risk of failure)
Press: ? - help, Shift-Dir - straight line, f/p - orc
Aim: an orc, wielding a flail of protection (lightly wounded)
The magic dart hits the orc.
The orc is severely wounded.
The orc hits you with a flail of protection!
* * * LOW HITPOINT WARNING * * *
Found a stone staircase leading down.
Press: ? - help, v - describe, . - travel
Here: an orc, wielding a flail of protection (severely wounded)
The floor.
Casting: Magic Dart (safe; 3% risk of failure)
Confirm with . or Enter, or press ? or * to list all spells.
Aiming: Magic Dart (safe; 3% risk of failure)
Press: ? - help, Shift-Dir - straight line, f/p - orc
Aim: an orc, wielding a flail of protection (heavily wounded)
The magic dart hits the orc.
The orc is severely wounded. 2 gnolls come into view.
Found a ration.
Casting: Magic Dart (safe; 3% risk of failure)
Confirm with . or Enter, or press ? or * to list all spells.
You don't have enough magic to cast that spell.
A gnoll comes into view. It is wielding a spear.
The orc barely misses you.
The gnoll shouts! x2; You hear a shout! x2
The gnoll throws a throwing net.
The throwing net hits you.
You become entangled in the net!
You see here a throwing net.
You struggle against the net.
The gnoll hits you from afar with a spear.
* * * LOW HITPOINT WARNING * * *
You struggle against the net.
The orc hits you with a flail of protection!
You die...

#.# #.# #.# #.# #.#
#.# ####### #.#
......##########@#.#
...............o..>#
##.##)#########gg#.#
#. #<# #..#.# #o ###
..g# # .. ....# #†
..... @. ..##%#. #.
.. ...


You could see 3 gnolls and an orc.

Vanquished Creatures
  A hound (D:4)
  An adder (D:2)
  A worm (D:2)
  A leopard gecko (D:5)
  3 orcs
  A bat (D:3)
  3 goblins
  A hobgoblin (D:2)
  3 kobolds
  3 frilled lizards
18 creatures vanquished.

Notes
Turn   | Place    | Note
-------+----------+-------------------------------------------
     0 | D:1      | Amnesiac the Mummy Conjurer began the quest for the Orb.
     0 | D:1      | Reached XP level 1. HP: 13/13 MP: 4/4
   215 | D:2      | Reached XP level 2. HP: 12/19 MP: 0/6
   273 | D:2      | Learned a level 2 spell: Searing Ray
   838 | D:3      | Found a sacrificial altar of Ru.
   838 | D:3      | Found a white marble altar of Elyvilon.
   844 | D:3      | Found a glowing golden altar of the Shining One.
   846 | D:3      | Found a faded altar of an unknown god.
   847 | D:3      | Found a basalt altar of Yredelemnul.
   895 | D:4      | Noticed Grinder
   979 | D:4      | Reached XP level 3. HP: 24/24 MP: 5/8
   999 | D:4      | Reached skill level 4 in Conjurations
  1007 | D:5      | Entered Level 5 of the Dungeon
  1054 | D:5      | Noticed Edmund
  1074 | D:5      | Slain by an orc

Vault maps used:
D:1:      dpeg_arrival_simpleton_c
D:3:      chequers_temple_overflow_minitemple, serial_corexii_hall,
          corexii_hall_statues_t, corexii_hall_statues_i,
          nemelex_dance_club_becter
D:4:      temple_statues, ebering_ghost_sewer_f, uniq_grinder
D:5:      portal_sewer_entry_f, basic_altar, first_ration,
          nicolae_ru_awakened_eye, uniq_edmund

Skill      XL: |  1  2  3 |
---------------+----------+-----
Spellcasting   | 3 |  3.9
Conjurations   | 4 |  4.1
Dodging        | |  1.5
Stealth        | |  1.5

Action                   || total
-------------------------++-------
Melee: Unarmed           ||    11
       Dagger            ||    11
       Flail             ||     3
 Cast: Magic Dart        ||    43
       Searing Ray       ||     1
Armor: Robe              ||     5
Dodge: Dodged            ||    19

Table legend:
 A = Spawn XP
 B = Non-spawn XP
 C = Spawn XP percentage of total XP
 D = Spawn monster count
 E = Non-spawn monster count
 F = Spawn count percentage of total count
 G = Total turns spent on level
                    A         B        C        D         E        F      G
               +---------+---------+-------+---------+---------+-------+---------
         Total |       0 |      91 |   0.0 |       0 |      18 |   0.0 |  1074
               +---------+---------+-------+---------+---------+-------+---------
           D:1 |       0 |       4 |   0.0 |       0 |       3 |   0.0 |   371
           D:2 |       0 |      22 |   0.0 |       0 |       4 |   0.0 |   324
           D:3 |       0 |      10 |   0.0 |       0 |       6 |   0.0 |   255
           D:4 |       0 |      49 |   0.0 |       0 |       3 |   0.0 |    57
           D:5 |       0 |       6 |   0.0 |       0 |       2 |   0.0 |    67
               +---------+---------+-------+---------+---------+-------+---------
